 Dungeon Crawl Stone Soup version 0.27-a0-1193-g8631133539 (webtiles) character file.

Game seed: 9747731290680211372

179 Bapho the Chopper (level 5, 0/45 HPs)
             Began as a Draconian Monk on May 25, 2021.
             Slain by a hornet zombie (1 damage)
             ... on level 5 of the Dungeon.
             The game lasted 00:05:03 (3585 turns).

Bapho the Chopper (Draconian Monk)                  Turns: 3585, Time: 00:05:04

Health: 0/45       AC:  5    Str: 14      XL:     5   Next: 32%
Magic:  5/5        EV: 12    Int: 10 (11) God:
Gold:   111        SH:  0    Dex: 13      Spells: 4/4 levels left

rFire    . . .     SeeInvis .   a - +0 hand axe
rCold    . . .     Faith    .   (no shield)
rNeg     . . .     Spirit   .   (armour unavailable)
rPois    .         Reflect  .   (helmet restricted)
rElec    .         Harm     .   (no cloak)
rCorr    .         Rampage  .   (no gloves)
Will     .....                  (no boots)
Stlth    ++........             (no amulet)
HPRegen  0.15/turn              (no ring)
MPRegen  0.09/turn              (no ring)

@: attractive, hasted, very quick
A: AC +5, unfitting armour, cold-blooded
a: no special abilities


You were on level 5 of the Dungeon.
You visited 1 branch of the dungeon, and saw 5 of its levels.

You collected 111 gold pieces.

Inventory:

Hand Weapons
 a - a +0 hand axe (weapon)
Missiles
 b - 37 stones (quivered)
Scrolls
 f - a scroll of teleportation {unknown}
Potions
 e - 3 potions of curing


   Skills:
 - Level 3.2 Fighting
 + Level 6.1 Axes
 - Level 2.6 Dodging
 - Level 1.7 Stealth


You had 4 spell levels left.
You didn't know any spells.
Your spell library contained the following spells:

 Spells                   Type           Power      Damage    Failure   Level
 Animate Skeleton         Necr           0%         N/A       36%         1
 Pain                     Necr           0%         1d4       36%         1
 Vampiric Draining        Necr           0%         2d6       75%         3
 Animate Dead             Necr           0%         N/A       98%         4
 Agony                    Necr           0%         N/A       100%        5


Dungeon Overview and Level Annotations

Branches:
Dungeon (6/15)
 Temple: D:4-7

Altars:
Elyvilon
Wu Jian

Shops:
D:1 (

Annotations:
D:2 Sigmund


Innate Abilities, Weirdness & Mutations

Your plain brown scales are hard. (AC +5)
You cannot fit into any form of body armour.
You are cold-blooded and may be slowed by cold attacks.


Message History

A hornet zombie is nearby!
A hornet zombie is nearby!
The hornet zombie is pulled toward you! The hornet zombie is pulled toward you!
The hornet zombie is pulled toward you!
You barely miss the hornet zombie. The hornet zombie barely misses you.
You hit the hornet zombie but do no damage.
The hornet zombie misses you.
You hit the hornet zombie but do no damage.
The hornet zombie hits you but does no damage.
You hit the hornet zombie but do no damage.
The hornet zombie barely misses you.
You barely miss the hornet zombie. The hornet zombie misses you.
You hit the hornet zombie.
The hornet zombie is lightly damaged.
The hornet zombie misses you.
You hit the hornet zombie.
The hornet zombie is lightly damaged.
The hornet zombie closely misses you.
You hit the hornet zombie but do no damage.
The hornet zombie is lightly damaged.
You hit the hornet zombie.
The hornet zombie is lightly damaged.
The hornet zombie misses you.
You hit the hornet zombie but do no damage.
The hornet zombie is lightly damaged.
The hornet zombie hits you!
* * * LOW HITPOINT WARNING * * *
You hit the hornet zombie but do no damage.
The hornet zombie is lightly damaged.
The hornet zombie hits you.
* * * LOW HITPOINT WARNING * * *
You hit the hornet zombie.
The hornet zombie is moderately damaged.
The hornet zombie completely misses you.
You hit the hornet zombie.
You tail-slap the hornet zombie, but do no damage.
The hornet zombie is moderately damaged.
The hornet zombie hits you.
You die...

........#
#..>..# #.....#
. #.....+
...######)....#
...........#+##
...........#
..(....Z...+
........@..#
#####+#####'###
#............#
#............#
#..>.........#
#............#
#..#..#....###
############


You could see a hornet zombie.

Vanquished Creatures
  An ogre (D:5)
  A bullfrog zombie (D:5)
  2 adders
  A worm (D:2)
  2 dart slugs
  7 ball pythons
  4 endoplasms
  2 giant cockroaches (D:1)
  A goblin (D:1)
  2 hobgoblins (D:1)
  2 kobolds
  2 quokkas (D:1)
  4 bats
  2 frilled lizards (D:1)
33 creatures vanquished.

Notes
Turn   | Place    | Note
-------+----------+-------------------------------------------
     0 | D:1      | Bapho the Draconian Monk began the quest for the Orb.
     0 | D:1      | Reached XP level 1. HP: 19/19 MP: 1/1
   210 | D:1      | Reached XP level 2. HP: 25/26 MP: 2/2
   474 | D:1      | Found Cugaylul's Weapon Shop.
   807 | D:1      | Reached skill level 4 in Axes
  1217 | D:2      | Noticed Sigmund
  1848 | D:3      | Found an ornate altar of the Wu Jian Council.
  1936 | D:2      | Found a faded altar of an unknown god.
  1940 | D:2      | Reached XP level 3. HP: 29/31 MP: 3/3
  2629 | D:3      | Found a white marble altar of Elyvilon.
  2969 | D:3      | You fall into a shaft and drop 2 floors!
  2969 | D:5      | Entered Level 5 of the Dungeon
  3130 | D:6      | Noticed a gnoll sergeant
  3137 | D:5      | Reached skill level 5 in Axes
  3137 | D:5      | Reached XP level 4. HP: 14/38 MP: 4/4
  3555 | D:5      | Noticed an ogre
  3568 | D:5      | Killed an ogre
  3569 | D:5      | Reached skill level 6 in Axes
  3569 | D:5      | Reached XP level 5. HP: 10/45 MP: 5/5
  3583 | D:5      | HP: 1/45 [hornet zombie (3)]
  3585 | D:5      | Slain by a hornet zombie

Illustrated notes

Levels and vault maps discovered:
D:1:      heliophobic_arrival_battle_scene, layout_basic, serial_shops,
          shop_statue, serial_corexii_hall, corexii_hall_statues_l,
          corexii_hall_statues_x
D:2:      layout_basic, hellmonk_ecumenical_altar_crossroads, uniq_sigmund
D:3:      layout_basic, nicolae_wu_jian_wuxing_cycle, amcnicky_altar_gilded
D:5:      layout_gridville, nicolae_hepliaklqana_ecumenical_no_more,
          gammafunk_ghost_cemetery
D:6:      layout_rooms, okawaru_altar_gauntlet_db, zin_treasury, serial_shops,
          shop

Skill      XL: |  1  2  3  4 |
---------------+-------------+-----
Axes           | 4 5 6 |  6.1
Fighting       | |  3.2
Dodging        | |  2.6
Stealth        | |  1.7

Action                   |  1- 3 |  4- 6 || total
-------------------------+-------+-------++-------
Melee: Hand axe          |   102 |    20 ||   122
       Tailslap          |    15 |     2 ||    17
Throw: Stone             |    68 |       ||    68
  Use: Potion            |     2 |     3 ||     5
       Scroll            |     1 |       ||     1
 Stab: Sleeping          |     1 |       ||     1
Armor: Skin              |    26 |     1 ||    27
Dodge: Dodged            |    57 |    10 ||    67

Table legend: (Time is in decaauts)
 A = Elapsed time spent in this place.
 B = Non-inter-level travel time spent in this place.
 C = Inter-level travel time spent in this place.
 D = Time resting spent in this place.
 E = Time spent auto-exploring this place.
 F = Levels seen in this place.
 G = Mean time per level.
                   A        B        C        D        E       F      G
               +--------+--------+--------+--------+--------+-----+--------+
         Total |   3599 |   3417 |    182 |   1094 |   1793 |   5 |  719.8 |
       Dungeon |   3599 |   3417 |    182 |   1094 |   1793 |   5 |  719.8 |
               +--------+--------+--------+--------+--------+-----+--------+

Top non-repeatable levels by time:
     D:1: 1746 daAuts
     D:2: 665 daAuts
     D:3: 577 daAuts
     D:5: 474 daAuts
     D:6: 135 daAuts
